 Dungeon Crawl Stone Soup version 0.20.0-15-g7f486f2 (webtiles) character file.

51667 anfisbena the Basher (level 14, -1/81 HPs)
             Began as a Gargoyle Fighter on June 22, 2017.
             Was a High Priest of Hepliaklqana.
             Slain by a torpor snail (12 damage)
             ... on level 6 of the Lair of Beasts.
             The game lasted 00:28:24 (22241 turns).

anfisbena the Basher (Gargoyle Fighter)            Turns: 22241, Time: 00:28:24

Health: -1/81      AC: 29    Str: 22    XL:     14   Next: 60%
Magic:  20/20      EV:  6    Int: 11    God:    Hepliaklqana [*****.]
Gold:   646        SH: 13    Dex: 15    Spells: 1/13 levels left

rFire    + . .     SeeInvis .   B - +8 whip "Snakebite" {curare, rPois}
rCold    . . .     Gourm    .   c - +0 shield
rNeg     + . .     Faith    +   a - +1 plate armour {rF+}
rPois    ∞         Spirit   .   r - +0 helmet
rElec    +         Reflect  .   b - +0 cloak {MR+}
rCorr    .         Harm     .   y - +0 pair of gloves
MR       +++..                  (no boots)
Stlth    ..........             M - amulet of faith
Regen    0.3/turn               X - +3 ring of strength
MPRegen  0.2/turn               W - ring of wizardry

@: flying, slowed, very slow
A: reduced essence, big wings, agile 1, magic resistance 1, negative energy
resistance 1, electricity resistance, wild magic 1, unbreathing, petrification
resistance, rot immunity, AC +9
a: Stop Flying, Recall Ancestor, Ancestor Identity, Transference, Idealise,
Renounce Religion


You were on level 6 of the Lair of Beasts.
You worshipped Hepliaklqana.
Hepliaklqana was extremely pleased with you.
You were not hungry.

You visited 3 branches of the dungeon, and saw 17 of its levels.
You also visited: Ossuary.

You collected 1171 gold pieces.
You spent 525 gold pieces at shops.

Inventory:

Hand Weapons
 B - the +8 whip "Snakebite" (weapon) {curare, rPois}
   (You found it on level 5 of the Lair of Beasts)

   It poisons the flesh of those it strikes.
   It protects you from poison.
Armour
 a - a +1 plate armour of fire resistance (worn)
 b - a +0 cloak of magic resistance (worn)
 c - a +0 shield (worn)
 r - a +0 helmet (worn)
 y - a +0 pair of gloves (worn)
Jewellery
 M - an amulet of faith (around neck)
 W - a ring of wizardry (right hand)
 X - a +3 ring of strength (left hand)
Wands
 o - a wand of confusion (22/48)
 u - a wand of acid (7/15)
 x - a wand of acid (5/15)
 z - a wand of disintegration (13/24)
 G - a wand of disintegration (17/24)
 H - a wand of clouds (1/9)
 K - a wand of iceblast (11/15)
 L - a wand of iceblast (2/15)
 S - a wand of disintegration (8/24)
 V - a wand of scattershot (1/9)
Scrolls
 e - 4 scrolls of enchant weapon
 g - 3 scrolls of fog
 j - 10 scrolls of teleportation
 k - 5 scrolls of magic mapping
 p - 10 scrolls of remove curse
 v - 2 scrolls of enchant armour
 A - 4 scrolls of fear
 F - 2 scrolls of holy word
 Q - 2 scrolls of recharging
Potions
 d - 4 potions of might
 l - 9 potions of curing
 m - 2 potions of ambrosia {unknown}
 n - 4 potions of haste
 q - 4 potions of lignification
 t - a potion of resistance {unknown}
 C - 3 potions of invisibility
 D - 3 potions of brilliance
 E - 2 potions of flight {unknown}
 I - a potion of degeneration {unknown}
 J - 2 potions of magic {unknown}
 O - 3 potions of heal wounds
 T - a potion of mutation {unknown}
Books
 N - a book of Party Tricks

   Spells                             Type                      Level
   a - Summon Butterflies             Summoning                    1
   b - Apportation                    Translocation                1
   c - Lesser Beckoning               Translocation                3
   d - Tukima's Dance                 Hexes                        3
   e - Alistair's Intoxication        Transmutation/Poison         5
   f - Invisibility                   Hexes                        6
 U - a book of Frost

   Spells                             Type                      Level
   a - Freeze                         Ice                          1
   b - Throw Frost                    Conjuration/Ice              2
   c - Ozocubu's Armour               Charms/Ice                   3
   d - Throw Icicle                   Conjuration/Ice              4
   e - Summon Ice Beast               Ice/Summoning                4
 Z - a book of Dreams

   Spells                             Type                      Level
   a - Ensorcelled Hibernation        Hexes/Ice                    2
   b - Silence                        Hexes/Air                    5
   c - Darkness                       Hexes                        6
   d - Shadow Creatures               Summoning                    6
Comestibles
 f - 10 bread rations
 h - 22 royal jellies
 i - 16 meat rations
 s - 9 chunks of flesh
 w - 2 fruits


   Skills:
 + Level 11.4 Fighting
 - Level 14.0 Maces & Flails
 - Level 10.0 Armour
 * Level 11.8 Shields
 - Level 9.0 Invocations
 - Level 9.0 Evocations


You had one spell level left.
You knew the following spells:

 Your Spells              Type           Power        Failure   Level  Hunger
a - Passwall              Tmut/Erth      #.........   99%         2    ###....
b - Silence               Hex/Air        #.........   100%        5    ######.
c - Summon Demon          Summ           #.........   100%        5    ######.


Dungeon Overview and Level Annotations

Branches:
Dungeon (10/15)            Temple (1/1) D:5            Lair (6/6) D:10
  Swamp (0/4) Lair:3       Spider (0/4) Lair:3        Slime (0/5) Lair:5
    Orc (0/2) D:10

Altars:
Ashenzari
Cheibriados
Dithmenos
Elyvilon
Fedhas
Gozag
Hepliaklqana
Kikubaaqudgha
Makhleb
Nemelex Xobeh
Okawaru
Qazlal
Ru
Sif Muna
Trog
Uskayaw
Vehumet
Xom
Yredelemnul
Zin
The Shining One
Jiyva

Shops:
D:5 *   D:10 [

Annotations:
Lair:5 1 runed door
Lair:6 1 runed door


Innate Abilities, Weirdness & Mutations

You are resistant to torment.
Your stone body is resilient. (AC +9)
You are immune to poison.
Your large and strong wings let you fly indefinitely.
You resist negative energy. (rN+)
You are resistant to electric shocks. (rElec)
You can survive without breathing.
You are immune to petrification.
You are immune to rotting.
Your life essence is reduced. (-10% HP)
You are agile. (Dex +2)
You are resistant to hostile enchantments. (MR+)
Your spells are a little harder to cast, but a little more powerful.


Message History

A hornet comes into view.
You whack the torpor snail!
The torpor snail looks as sick as possible!
The torpor snail convulses.
The torpor snail seems to be slow for longer.
The torpor snail is severely wounded.
You block the torpor snail's attack. The tyrant leech bites you!!
* * * LOW HITPOINT WARNING * * *
You block the torpor snail's attack.
Sanele hits the tyrant leech with a quarterstaff!
The torpor snail bites you but does no damage.
You kill the torpor snail!
The hornet stings you but does no damage.
You block the tyrant leech's attack. The hornet barely misses you.
Sanele hits the tyrant leech with a quarterstaff!!
The hornet stings you but does no damage. x2
A hornet comes into view.
The torpor snail bites you!
You die...

# ########### ..####
#.##.P.##.# .....##
##y@......###
P....###.w..###....##
#..#R.w..## ##....##
# ##.y...### ###8..#
#.###....#.# ##...##
#.#.P....#.## ##...#+
#.....††#.## #..###
......P.#### ##..#
.[##.#... ##..##


You could see the friendly Sanele the battlemage, a tyrant leech, a torpor snail
and 2 hornets.

Vanquished Creatures
  Fannar (D:10)
  4 hydras
  The ghost of Ezendos the Grappler, a novice TrHu (Lair:1)
  A catoblepas (Lair:6)
  3 two-headed ogres
  Pikel (D:9)
  A lindwurm (Lair:6)
  A wolf spider (Lair:6)
  8 elephants
  4 black mambas
  Maurice (D:10)
  Joseph (D:8)
  4 spiny frogs
  3 komodo dragons
  2 torpor snails (Lair:6)
  3 trolls (D:10)
  9 polar bears (Lair:6)
  A queen bee (Lair:1)
  3 jumping spiders (Lair:3)
  A hornet (Lair:6)
  6 hippogriffs
  12 blink frogs
  4 redbacks (Lair:3)
  A wraith (D:10)
  4 hogs (D:9)
  5 wyverns
  3 basilisks
  A human (D:9)
  10 yaks
  3 swamp worms (Lair:3)
  5 wargs (Lair:6)
  11 hell hounds (Lair:6)
  12 water moccasins
  8 porcupines
  11 black bears
  2 sky beasts
  2 slaves (D:9)
  5 ice beasts
  3 orc warriors
  5 ogres
  2 phantoms
  18 wolves
  5 centaurs
  2 crocodiles
  5 elf zombies (Ossuary)
  A big kobold (D:8)
  8 bullfrogs
  7 scorpions
  21 killer bees
  3 vampire bats (Lair:2)
  6 wights
  4 howler monkeys
  2 electric eels
  A bullfrog zombie (D:7)
  3 centaur zombies (Ossuary)
  4 crimson imps
  7 hounds
  4 human zombies (Ossuary)
  3 jellies
  A quasit (D:5)
  4 orc priests
  Crazy Yiuf (D:5)
  3 centaur skeletons
  2 bullfrog skeletons
  3 iguanas
  4 orc wizards
  8 worker ants
  A killer bee zombie (D:9)
  2 hound zombies
  3 mummies (Ossuary)
  A worker ant zombie (D:8)
  3 gnolls (D:6)
  13 adders
  A shadow imp (D:8)
  An adder skeleton (D:4)
  2 worms
  A dart slug (D:2)
  5 leopard geckos
  38 orcs
  14 bats
  8 giant cockroaches
  6 goblins
  7 hobgoblins
  9 jackals
  2 quokkas
  3 ball pythons
  6 frilled lizards
  12 kobolds
  A quokka skeleton (D:6)
  3 rats
  A fungus (Lair:1)
441 creatures vanquished.

Vanquished Creatures (collateral kills)
  3 hydras
  A lindwurm (Lair:6)
  3 elephants (Lair:6)
  3 black mambas
  A torpor snail (Lair:6)
  4 spiny frogs
  2 komodo dragons
  A troll (D:10)
  A polar bear (Lair:6)
  5 blink frogs
  A raiju (Lair:6)
  3 hippogriffs
  4 yaks
  A redback (Lair:3)
  Grum (D:8)
  A warg (Lair:6)
  2 swamp worms (Lair:3)
  4 water moccasins
  2 porcupines
  3 hell hounds (Lair:6)
  2 black bears (Lair:6)
  A phantom (D:9)
  An eye of draining (D:8)
  A centaur (D:10)
  6 wolves (Lair:6)
  3 crocodiles
  4 bullfrogs
  2 wights (D:7)
  8 killer bees (Lair:1)
  2 electric eels
  A howler monkey (D:9)
  2 shadow imps
  An adder zombie (D:9)
  4 orcs (D:8)
  A fungus (Lair:6)
85 creatures vanquished.

Vanquished Creatures (others)
  8 battlemagi
  7 ancestors
  An orc (D:10)
  8 fungi (Lair:6)
  17 plants
41 creatures vanquished.

Grand Total: 567 creatures vanquished

Notes
Turn   | Place    | Note
-------+----------+-------------------------------------------
     0 | D:1      | anfisbena the Gargoyle Fighter began the quest for the Orb.
     0 | D:1      | Reached XP level 1. HP: 14/14 MP: 1/1
   299 | D:1      | Reached XP level 2. HP: 19/19 MP: 2/2
   733 | D:1      | Reached skill level 3 in Maces & Flails
  1138 | D:2      | Found a glowing golden altar of the Shining One.
  1204 | D:2      | Reached XP level 3. HP: 23/23 MP: 3/3
  1615 | D:2      | Reached skill level 4 in Maces & Flails
  1682 | D:2      | Reached XP level 4. HP: 28/28 MP: 4/4
  2610 | D:3      | Reached skill level 5 in Maces & Flails
  2622 | D:3      | Reached XP level 5. HP: 30/32 MP: 5/5
  3222 | D:4      | Reached skill level 6 in Maces & Flails
  3222 | D:4      | Reached XP level 6. HP: 37/37 MP: 6/6
  3628 | D:5      | Entered Level 5 of the Dungeon
  3664 | D:5      | Found Lastrilih's Elemental Accessories.
  3696 | D:5      | Found a staircase to the Ecumenical Temple.
  3792 | D:5      | Found a blossoming altar of Fedhas.
  3932 | D:5      | Found a bloodstained altar of Trog.
  4000 | D:5      | Reached skill level 7 in Maces & Flails
  4138 | D:5      | Reached XP level 7. HP: 36/41 MP: 7/7
  4519 | D:5      | Found a runed door.
  4742 | D:5      | Noticed Crazy Yiuf
  4751 | D:5      | Killed Crazy Yiuf
  4751 | D:5      | Reached skill level 8 in Maces & Flails
  4954 | D:6      | Reached skill level 9 in Maces & Flails
  4954 | D:6      | Reached XP level 8. HP: 36/46 MP: 8/8
  5153 | D:6      | Gained mutation: You are agile. (Dex +2) [mutagenic meat]
  5154 | D:6      | Gained mutation: Your spells are a little harder to cast, but a little more powerful. [mutagenic meat]
  5155 | D:6      | Gained mutation: You are resistant to hostile enchantments. (MR+) [mutagenic meat]
  5292 | D:6      | Found a sand-covered staircase.
  5296 | Ossuary  | Entered an ossuary
  5414 | Ossuary  | Reached skill level 10 in Maces & Flails
  5863 | D:6      | Reached XP level 9. HP: 44/52 MP: 9/9
  6216 | D:6      | Reached skill level 5 in Shields
  6302 | D:6      | Reached skill level 5 in Fighting
  6302 | D:6      | Reached skill level 5 in Armour
  6961 | Temple   | Entered the Ecumenical Temple
  7188 | Temple   | Became a worshipper of Hepliaklqana the Forgotten
  8039 | D:7      | Reached XP level 10. HP: 43/56 MP: 10/10
  8642 | D:8      | Noticed Joseph
  9284 | D:8      | Noticed a two-headed ogre
  9289 | D:8      | Killed a two-headed ogre
  9595 | D:8      | Killed Joseph
  9962 | D:8      | Got a faintly glowing chain mail
  9991 | D:8      | Identified the cursed +1 chain mail of the Constellations {*Corrode +Blink MP+9 Dex+4} (You took it off a kobold on level 8 of the Dungeon)
 10247 | D:8      | Noticed Grum
 10269 | D:8      | Killed Grum
 10444 | D:8      | Reached * piety under Hepliaklqana
 10765 | D:9      | Reached XP level 11. HP: 45/63 MP: 11/11
 11028 | D:9      | Got a translucent ring mail
 11073 | D:9      | Identified the cursed +1 ring mail of Precision Catastrophes {MR+ Regen+} (You found it on level 9 of the Dungeon)
 11267 | D:9      | Noticed Pikel
 11369 | D:9      | Killed Pikel
 11551 | D:9      | Reached ** piety under Hepliaklqana
 11552 | D:9      | Remembered your ancestor Sanele as a battlemage
 11627 | D:10     | Entered Level 10 of the Dungeon
 11698 | D:10     | Noticed Fannar
 11702 | D:10     | Found Wyczowao's Armour Boutique.
 11738 | D:10     | Reached skill level 10 in Fighting
 11769 | D:10     | Reached skill level 10 in Armour
 11996 | D:9      | Reached skill level 10 in Shields
 12175 | D:10     | Killed Fannar
 12175 | D:10     | Reached skill level 1 in Invocations
 12175 | D:10     | Reached skill level 1 in Evocations
 12253 | D:10     | Found a staircase to the Orcish Mines.
 12263 | D:10     | Bought a +1 plate armour of fire resistance for 525 gold pieces
 12292 | D:10     | Noticed a two-headed ogre
 12305 | D:10     | Killed a two-headed ogre
 12347 | D:10     | Found a staircase to the Lair.
 12365 | D:10     | Noticed a two-headed ogre
 12386 | D:10     | Killed a two-headed ogre
 12707 | D:10     | Reached XP level 12. HP: 67/69 MP: 14/14
 12720 | D:10     | Noticed Maurice
 12727 | D:10     | Killed Maurice
 13061 | Lair:1   | Entered Level 1 of the Lair of Beasts
 13199 | Lair:1   | Noticed Ezendos's ghost (novice TrHu)
 13210 | Lair:1   | HP: 2/69 [Ezendos's ghost (16)]
 13211 | Lair:1   | Killed Ezendos's ghost
 13211 | Lair:1   | Reached skill level 11 in Maces & Flails
 13595 | Lair:1   | Reached skill level 5 in Invocations
 13598 | Lair:1   | HP: 2/69 [killer bee (5)]
 13989 | Lair:1   | Noticed a four-headed hydra
 13999 | Lair:1   | Killed a four-headed hydra
 14505 | Lair:1   | Reached *** piety under Hepliaklqana
 14575 | Lair:1   | Noticed a six-headed hydra
 14585 | Lair:1   | Killed a six-headed hydra
 14790 | Lair:1   | Reached skill level 5 in Evocations
 15196 | Lair:2   | Got an ebony flail
 15197 | Lair:2   | Identified the +10 flail of Propriety {crush, rPois Int+4} (You found it on level 2 of the Lair of Beasts)
 15426 | Lair:2   | Noticed a seven-headed hydra
 15438 | Lair:2   | Killed a seven-headed hydra
 15804 | Lair:2   | Reached **** piety under Hepliaklqana
 15831 | Lair:2   | Identified the Grimoire of the Spheres
 16427 | Lair:3   | Reached skill level 12 in Maces & Flails
 16652 | Lair:3   | Found a staircase to the Swamp.
 16831 | Lair:3   | Noticed a seven-headed hydra
 16838 | Lair:3   | Killed a seven-headed hydra
 17006 | Lair:3   | Found a hole to the Spider Nest.
 17012 | Lair:3   | Reached XP level 13. HP: 65/73 MP: 17/17
 18113 | Lair:4   | Reached ***** piety under Hepliaklqana
 18241 | Lair:4   | Reached skill level 13 in Maces & Flails
 19637 | Lair:5   | Found a runed door.
 19639 | Lair:5   | Found a viscous altar of Jiyva.
 19641 | Lair:5   | Found a staircase to the Slime Pits.
 19999 | Lair:6   | Entered Level 6 of the Lair of Beasts
 20522 | Lair:6   | Reached skill level 14 in Maces & Flails
 20569 | Lair:6   | Gained mutation: Your large and strong wings let you fly indefinitely. [Gargoyle growth]
 20569 | Lair:6   | Reached XP level 14. HP: 49/79 MP: 20/20
 21742 | Lair:6   | Learned a level 2 spell: Passwall
 21748 | Lair:6   | Learned a level 5 spell: Silence
 21754 | Lair:6   | Learned a level 5 spell: Summon Demon
 22189 | Lair:6   | Found a runed door.
 22241 | Lair:6   | Slain by a torpor snail

Skill      XL: |  1  2  3  4  5  6  7  8  9 10 11 12 13 14 |
---------------+-------------------------------------------+-----
Maces & Flails | 3 4 5 6 7 9 10 12 14 | 14.0
Fighting       | 4 7 9 10 11 | 11.4
Armour         | 4 6 8 10 | 10.0
Shields        | 4 7 9 10 11 | 11.8
Invocations    | 3 6 8 9 |  9.0
Evocations     | 2 6 8 9 |  9.0

Action                   |  1- 3 |  4- 6 |  7- 9 | 10-12 | 13-15 || total
-------------------------+-------+-------+-------+-------+-------++-------
Melee: Flail             |   130 |   264 |   626 |   578 |   136 ||  1734
       Morningstar       |       |       |       |   393 |       ||   393
       Whip              |       |       |       |       |   552 ||   552
Invok: Ancestor Life: Ba |       |       |       |     1 |       ||     1
 Abil: Fly               |       |       |       |       |     1 ||     1
  Use: Scroll            |       |     1 |       |    12 |     7 ||    20
       Potion            |       |       |       |     6 |       ||     6
 Stab: Distracted        |       |       |       |     5 |     1 ||     6
       Petrified         |       |       |       |       |     3 ||     3
  Eat: Chunk             |     3 |     8 |    11 |    25 |    17 ||    64
       Fruit             |       |       |     4 |       |       ||     4
       Royal jelly       |       |       |     1 |       |       ||     1
       Meat ration       |       |       |       |     1 |       ||     1
Armor: Scale mail        |    78 |   111 |       |       |       ||   189
       Chain mail        |       |    58 |   355 |   209 |       ||   622
       Ring mail         |       |       |       |   130 |       ||   130
       Plate armour      |       |       |       |   288 |   387 ||   675
       Skin              |       |       |       |     5 |       ||     5
Dodge: Dodged            |    51 |    85 |   115 |   268 |   109 ||   628
Block: Shield            |    77 |   155 |   274 |   651 |   371 ||  1528
